 Dungeon Sprint DCSS version 0.17-a0-2055-gb4e23be (webtiles) character file.

7 hexophile the Ruffian (level 1, 0/22 HPs)
             Began as a Troll Berserker on Oct 11, 2015.
             Was a Believer of Trog.
             Slain by an iguana (13 damage)
             ... in the Dungeon (Sprint IX: "|||||||||||||||||||||||||||||").
             The game lasted 00:00:22 (245 turns).

hexophile the Ruffian (Troll Berserker)              Turns: 245, Time: 00:00:23

Health: 0/22       AC:  5    Str: 24    XL:     1   Next: 83%
Magic:  0/0        EV: 10    Int:  3    God:    Trog [**....]
Gold:   0          SH:  0    Dex:  9    Spells: 0 memorised, 0 levels left

rFire  . . .     SeeInvis .       - Unarmed
rCold  . . .     Clarity  .     a - +0 animal skin
rNeg   . . .     SustAt   .     (no shield)
rPois  .         Gourm    +     (helmet restricted)
rElec  .         Spirit   .     (no cloak)
rCorr  .         Warding  .     (gloves unavailable)
rMut   .         NoTele   +     (boots unavailable)
MR     ++...                    (no amulet)
Stlth  +.........               (no ring)
                                (no ring)

@: regenerating, very resistant to hostile enchantments, very unstealthy
A: unfitting armour, claws 3, fast metabolism 3, gourmand, regeneration 2,
shaggy fur 1, tough skin 2
a: Burn Spellbooks, Berserk, Trog's Hand, Renounce Religion


You were in the Dungeon.
You worshipped Trog.
Trog was pleased with you.
You were very full.

You visited 1 branch


Innate Abilities, Weirdness & Mutations

You are too large for most types of armour.
You have claws for hands.
Your metabolism is lightning-fast.
You like to eat raw meat.
You heal very quickly.
You are covered in fur (AC +1).
You have very tough skin (AC +2).

Inventory:

Armour
 a - a +0 animal skin (worn)
Scrolls
 h - a scroll of blinking
Potions
 c - a potion of curing
 d - a potion of heal wounds
 e - a potion of haste
 f - 2 potions of magic
 g - a potion of berserk rage
Comestibles
 b - 2 bread rations


You couldn't memorise any spells.
You didn't know any spells.


   Skills:
 - Level 2.4 Fighting
 - Level 2.4 Dodging
 + Level 4.8 Unarmed Combat

Dungeon Overview and Level Annotations

Branches:
Dungeon (1/1)

Altars:

Vault maps used:
D:        linesprint
You       could see an iguana, a bat zombie and a giant cockroach.


Message History

You start resting.
Eating a chunk of flesh.
This raw flesh tastes great.
You continue eating.
HP restored.
You continue eating.
There is an open door to the Dungeon here.
Things that are here:
a goblin corpse x2
You butcher the goblin corpse.
i - 3 chunks of flesh
There is an open door to the Dungeon here.
You see here a goblin corpse.
You butcher the goblin corpse.
i - 5 chunks of flesh (gained 2)
There is an open door to the Dungeon here.
There isn't anything here!
You start waiting.
Eating one of 5 chunks of flesh.
This raw flesh tastes great.
You continue eating. x2
Eating one of 4 chunks of flesh.
This raw flesh tastes great.
You continue eating. x2
Eating one of 3 chunks of flesh.
This raw flesh tastes great.
You continue eating. x2
Eating one of 2 chunks of flesh.
This raw flesh tastes great.
You continue eating. x2
Eating a chunk of flesh.
This raw flesh tastes great.
You continue eating. x2
You see here a bat skeleton.
You start waiting.
Done waiting.
You open the door.
An iguana, a giant cockroach and 3 zombies come into view.
The iguana hisses angrily.
The jackal zombie closely misses you.
You mangle the jackal zombie!!
You destroy the jackal zombie!
Use which ability?
Your skin crawls.
You feel resistant to hostile enchantments.
You feel slightly less full.
You claw the giant gecko zombie!
You destroy the giant gecko zombie!
The iguana bites you!
Ouch! That really hurt!
There is an open door here.
You barely miss the iguana. The iguana barely misses you.
You closely miss the iguana.
You feel the effects of Trog's Hand fading.
The iguana bites you!
Ouch! That really hurt!
You die...

Action                   || total
-------------------------++-------
Melee: Unarmed           ||    23
Invok: Trog's Hand       ||     1
  Eat: Chunk             ||     6

Notes
Turn   | Place    | Note
--------------------------------------------------------------
     0 | D        | hexophile the Troll Berserker began the quest for the Orb.
     0 | D        | Reached XP level 1. HP: 22/22 MP: 0/0
    16 | D        | Acquired Trog's second power
    16 | D        | Reached skill level 4 in Unarmed Combat
   239 | D        | Noticed an iguana
   245 | D        | Slain by an iguana

Table legend:
 A = Turns spent in this place as a percentage of turns spent in the entire game.
 B = Non-inter-level travel turns spent in this place as a percentage of non-inter-level travel turns spent in the entire game.
 C = Inter-level travel turns spent in this place as a percentage of turns spent in this place.
 D = Turns resting spent in this place as a percentage of non-inter-level travel turns spent in this place.
 E = Turns spent auto-exploring this place as a percentage of non-inter-level travel turns spent in this place.
 F = Non-inter-level travel turns spent in this place divided by the number of levels of this place that you've seen.
                   A       B       C       D       E      F
               +-------+-------+-------+-------+-------+----------------------
         Total | 100.0 | 100.0 |   0.0 |  10.9 |   0.0 |  55.0
       Dungeon | 100.0 | 100.0 |   0.0 |  10.9 |   0.0 |  55.0
               +-------+-------+-------+-------+-------+----------------------

Table legend:
 A = Kills in this place as a percentage of kills in entire the game.
 B = Kills by you in this place as a percentage of kills by you in the entire game.
 C = Kills by friends in this place as a percentage of kills by friends in the entire game.
 D = Other kills in this place as a percentage of other kills in the entire game.
 E = Experience gained in this place as a percentage of experience gained in the entire game.
 F = Experience gained in this place divided by the number of levels of this place that you have seen.
                   A       B       C       D       E      F
               +-------+-------+-------+-------+-------+----------------------
         Total | 100.0 | 100.0 |  -nan |  -nan | 100.0 |  10.0
       Dungeon | 100.0 | 100.0 |  -nan |  -nan | 100.0 |  10.0
               +-------+-------+-------+-------+-------+----------------------

Vanquished Creatures
  2 bats (D)
  2 goblins (D)
  A giant gecko zombie (D)
  A jackal zombie (D)
  A rat (D)
7 creatures vanquished.
